 Dungeon Crawl Stone Soup version 0.29-a0-901-g46a8461d6a (webtiles) character file.

Game seed: 7976001147115640862

65 wilfster70 the Chopper (level 4, -1/39 (40) HPs)
             Began as a Hill Orc Fighter on July 24, 2022.
             Slain by Crazy Yiuf
             ... wielding a +3 quarterstaff of chaos
              (10 damage)
             ... on level 2 of the Dungeon.
             The game lasted 00:03:13 (2019 turns).

wilfster70 the Chopper (Hill Orc Fighter)           Turns: 2019, Time: 00:03:14

HP:   -1/39 (40)    AC: 10    Str: 20    XL:     4   Next: 14%
MP:   2/4           EV:  9    Int:  8    God:
Gold: 101           SH:  4    Dex: 10    Spells: 3/3 levels left

rFire   . . .      SeeInvis .   a - +0 war axe
rCold   . . .      Faith    .   c - +0 buckler
rNeg    . . .      Spirit   .   b - +0 scale mail
rPois   .          Reflect  .   (no helmet)
rElec   .          Harm     .   g - +0 cloak
rCorr   .          Rampage  .   i - +1 pair of gloves {infuse}
Will    .....                   (no boots)
Stlth   ..........              (no amulet)
HPRegen 0.13/turn               (no ring)
MPRegen 0.09/turn               (no ring)

@: lightly drained
A: no striking features
a: no special abilities


You were on level 2 of the Dungeon.
You visited 1 branch of the dungeon, and saw 2 of its levels.

You collected 129 gold pieces.
You spent 28 gold pieces at shops.

Inventory:

Hand Weapons
 a - a +0 war axe (weapon)
Armour
 b - a +0 scale mail (worn)
 c - a +0 buckler (worn)
 g - a +0 cloak (worn)
 i - a +1 pair of gloves of infusion (worn)
Scrolls
 f - a scroll of fear {unknown}
 j - 3 scrolls of blinking
 k - a scroll of torment {unknown}
Potions
 d - 3 potions of might
 e - a potion of curing
 h - a potion of ambrosia
 l - a potion of mutation {unknown}
 m - a potion of degeneration {unknown}


   Skills:
 + Level 4.2 Fighting
 * Level 4.5 Axes
 + Level 3.9 Armour
 - Level 3.2 Shields


You had 3 spell levels left.
You didn't know any spells.
Your spell library was empty.

Dungeon Overview and Level Annotations

Branches:
Dungeon (2/15)

Altars:

Shops:
D:1 *(?

Annotations:
D:2 Crazy Yiuf


Message History

You start resting.
Magic restored.
You start resting.
HP restored.
Found 11 gold pieces.
You see here the +5 hand axe of Purpose {spect, *Noise Will- Dex+9}.
You now have 101 gold pieces (gained 11).
You see here a +0 spear.
You open the door.
There is an open door here.
There is an open door here.
You see here a +0 spear.
There is an open door here.
There is an open door here.
You enter the shallow water.
Moving in this stuff is going to be slow.
Found a hammer.
Found a runed translucent door.
Crazy Yiuf shouts!
You open the door.
Crazy Yiuf screams, "Iron sing-song action!"
You barely miss Crazy Yiuf.
Crazy Yiuf hits you with a +3 quarterstaff of chaos.
You feel drained. Crazy Yiuf barely misses you.
You hit Crazy Yiuf.
Crazy Yiuf is lightly wounded.
Crazy Yiuf hits you with a +3 quarterstaff of chaos!
Crazy Yiuf burns you.
You slash Crazy Yiuf!
Crazy Yiuf is severely wounded.
Crazy Yiuf hits you with a +3 quarterstaff of chaos.
* * * LOW HITPOINT WARNING * * *
Crazy Yiuf freezes you.
* * * LOW HITPOINT WARNING * * *
You closely miss Crazy Yiuf.
Crazy Yiuf is severely wounded.
Crazy Yiuf barely misses you.
You barely miss Crazy Yiuf.
Crazy Yiuf is severely wounded.
Crazy Yiuf hits you with a +3 quarterstaff of chaos!
You die...

#.#..............##
#.##.###.
#.#.....#.#...).##
#........
#.#..<..#.#....##
####.####
#.##.###########
#####.#### #....#
#..>...... ####.#
#.###.###. #.##♣♣
### #.# #.# #.
##.#..♣♣ ♣♣#..)#
#.# #.###.
#......♣♣♣♣@g...#
#.###..##.
##.....P.♣..♣#...#
#.#.##.##.
##...#...♣.♣♣♣ ###
#....#.##.
#....##♣♣♣♣♣
#......... ##...#
##...#.### #..##
####### ##....#
#.## #.....# ##.###
#.# ##...## #.# #.#
##'## #.#


You could see Crazy Yiuf.

Vanquished Creatures
  3 adders (D:2)
  2 worms (D:2)
  An orc (D:2)
  2 bats (D:2)
  3 endoplasms (D:2)
  2 giant cockroaches
  7 goblins
  3 hobgoblins
  A kobold (D:1)
  A quokka (D:2)
  2 ball pythons (D:2)
  A frilled lizard (D:2)
  2 rats (D:2)
30 creatures vanquished.

Vanquished Creatures (others)
  16 plants (D:2)
16 creatures vanquished.

Grand Total: 46 creatures vanquished

Notes
Turn   | Place    | Note
-------+----------+-------------------------------------------
     0 | D:1      | wilfster70 the Hill Orc Fighter began the quest for the
                  | Orb.
     0 | D:1      | Reached XP level 1. HP: 19/19 MP: 1/1
   127 | D:1      | Reached XP level 2. HP: 27/27 MP: 2/2
   354 | D:1      | Found Daus's Magic Scroll Boutique.
   362 | D:1      | Bought a scroll of identify for 28 gold pieces
   373 | D:1      | Found Leaph's Weapon Shop.
   382 | D:1      | Found Aqujumaz's General Store.
  1089 | D:2      | Reached XP level 3. HP: 28/33 MP: 0/3
  1668 | D:2      | Reached XP level 4. HP: 30/40 MP: 1/4
  1755 | D:2      | Identified the +5 hand axe of Purpose {spect, *Noise Will-
                  | Dex+9}
  2010 | D:2      | Found a runed translucent door.
  2011 | D:2      | Noticed Crazy Yiuf
  2019 | D:2      | Slain by Crazy Yiuf

Illustrated notes

Levels and vault maps discovered:
D:1:      denvon_arrival_waterhouse, layout_basic, serial_shops,
          nicolae_shop_hallway_stairs, shop, shop_fountains
D:2:      layout_loops_corners, serial_bayou, serial_bayou_pond_e,
          serial_bayou_shore_b, serial_bayou_ford_a, serial_bayou_pond_b,
          uniq_crazy_yiuf_cottage

Skill      XL: |  1  2  3 |
---------------+----------+-----
Axes           | 3 4 |  4.5
Fighting       | 4 |  4.2
Armour         | |  3.9
Shields        | |  3.2

Action                   |  1- 3 |  4- 6 || total
-------------------------+-------+-------++-------
Melee: War axe           |   103 |     5 ||   108
  Use: Scroll            |     3 |       ||     3
       Potion            |     1 |       ||     1
Armor: Scale mail        |    57 |       ||    57
Dodge: Dodged            |    52 |     2 ||    54
Block: Buckler           |    29 |       ||    29

Table legend: (Time is in decaauts)
 A = Elapsed time spent in this place.
 B = Non-inter-level travel time spent in this place.
 C = Inter-level travel time spent in this place.
 D = Time resting spent in this place.
 E = Time spent auto-exploring this place.
 F = Levels seen in this place.
 G = Mean time per level.
                   A        B        C        D        E       F      G
               +--------+--------+--------+--------+--------+-----+--------+
         Total |   2068 |   2038 |     30 |    383 |   1108 |   2 | 1034.0 |
       Dungeon |   2068 |   2038 |     30 |    383 |   1108 |   2 | 1034.0 |
               +--------+--------+--------+--------+--------+-----+--------+

Top non-repeatable levels by time:
     D:2: 1471 daAuts
     D:1: 596 daAuts
